 Dungeon Crawl Stone Soup version 0.26-a0-753-g4680b4fa2e (webtiles) character file.

Game seed: 11880600801303458673

452 Notrik the Skirmisher (level 7, -7/64 HPs)
             Began as a Hill Orc Fighter on Nov 8, 2020.
             Mangled by a gnoll sergeant
             ... wielding a +1 trident of electrocution
              (20 damage)
             ... on level 4 of the Dungeon.
             The game lasted 00:04:58 (4312 turns).

Notrik the Skirmisher (Hill Orc Fighter)            Turns: 4312, Time: 00:04:59

Health: -7/64      AC:  8    Str: 20 (21) XL:     7   Next: 5%
Magic:  6/6        EV:  7    Int:  6 (8)  God:
Gold:   198        SH:  9    Dex:  7 (10) Spells: 6/6 levels left

rFire    . . .     SeeInvis .   a - +0 war axe
rCold    . . .     Faith    .   c - +0 kite shield
rNeg     . . .     Spirit   .   b - +0 scale mail
rPois    .         Reflect  .   (no helmet)
rElec    .         Harm     .   r - +0 cloak
rCorr    .         Rampage  .   (no gloves)
MR       .....                  (no boots)
Stlth    ..........             (no amulet)
HPRegen  0.20/turn              (no ring)
MPRegen  0.10/turn              (no ring)

@: mighty, lethally poisoned (-7 -> -9)
A: claws 1, low mp 1
a: no special abilities


You were on level 4 of the Dungeon.
You visited 1 branch of the dungeon, and saw 4 of its levels.

You collected 198 gold pieces.

Inventory:

Hand Weapons
 a - a +0 war axe (weapon)
Armour
 b - a +0 scale mail (worn)
 c - a +0 kite shield (worn)
 r - a +0 cloak (worn)
   (You found it on level 4 of the Dungeon)
Scrolls
 f - 3 scrolls of amnesia {unknown}
 g - 8 scrolls of identify {unknown}
 h - a scroll of remove curse {unknown}
 k - 3 scrolls of immolation {unknown}
 l - a scroll of magic mapping {unknown}
 m - 3 scrolls of teleportation {unknown}
 p - a scroll of fog {unknown}
 q - a scroll of fear {unknown}
 s - a scroll of noise {unknown}
Potions
 e - a potion of degeneration {!q}
 i - 2 potions of invisibility {unknown}
 j - a potion of haste {unknown}
 n - 2 potions of mutation {!q}
 o - 3 potions of curing {unknown}


   Skills:
 * Level 6.4 Fighting
 + Level 4.9 Axes
 + Level 4.8 Armour
 + Level 4.7 Shields


You had 6 spell levels left.
You didn't know any spells.
Your spell library contained the following spells:

 Spells                   Type           Power        Failure   Level
 Corona                   Hex            #......      99%         1
 Ensorcelled Hibernation  Hex/Ice        #.....       100%        2
 Confusing Touch          Hex            #.......     100%        3
 Dazzling Flash           Conj/Hex       #.....       100%        3
 Tukima's Dance           Hex            #.......     100%        3


Dungeon Overview and Level Annotations

Branches:
Dungeon (4/15)
 Temple: D:4-7

Altars:
Uskayaw
Wu Jian
Xom
Zin

Annotations:
D:3 3 runed translucent doors, triki's ghost, amateur GnEn
D:4 1 transporter, 2tc's ghost, amateur DsVM


Innate Abilities, Weirdness & Mutations

You have sharp fingernails.
Your magical capacity is low. (-10% MP)


Message History

Partly explored, unvisited transporter.
Partly explored, unvisited transporter.
The gnoll shouts!
You hear a shout!
The gnoll sergeant shouts!
There is a transporter here.
The gnoll shouts! x2
Found a manual of Armour.
There is a transporter here.
You enter the transporter and appear at another place.
You hit the gnoll. The gnoll sergeant barely misses you.
The gnoll hits you but does no damage.
There are monsters nearby!
The gnoll sergeant hits you from afar with a +1 trident of electrocution.
You are electrocuted!
You block the gnoll's attack.
You completely miss the gnoll.
The gnoll sergeant hits you from afar with a +1 trident of electrocution.
You block the gnoll's attack. The gnoll hits you but does no damage.
You hit the gnoll but do no damage.
The gnoll sergeant hits you but does no damage.
You are electrocuted!
You block the gnoll's attack. You block the gnoll sergeant's attack.
You closely miss the gnoll. 2tc's ghost mumbles some strange words. 2tc's ghost begins to radiate toxic energy.
You are poisoned.
The gnoll hits you but does no damage.
The gnoll sergeant hits you but does no damage.
You slash the gnoll!
You kill the gnoll!
You feel sick.
* * * LOW HITPOINT WARNING * * *
You are more poisoned.
The gnoll sergeant hits you but does no damage.
You are electrocuted!!
* * * LOW HITPOINT WARNING * * *
You feel very mighty all of a sudden.
You feel sick.
It was a potion of mutation.
You feel extremely strange.
You feel less energetic.
You feel clumsy.
Your fingernails lengthen.
You feel agile.
The gnoll sergeant hits you but does no damage.
It was a potion of degeneration.
There was something very wrong with that liquid.
You feel weakened.
You feel dopey.
You feel clumsy.
e - a potion of degeneration;
o - 3 murky orange potions The gnoll sergeant hits you with a +1 trident of electrocution.
* * * LOW HITPOINT WARNING * * *
You are electrocuted!!
You die...

#...........................
#.≈≈≈≈≈≈≈≈≈≈≈...≈≈≈≈≈≈≈≈≈≈≈.
#.≈≈≈≈≈≈≈≈≈≈≈...≈≈≈≈≈≈≈≈≈≈≈.
#(≈≈#####...........#####≈≈.
#.≈≈#.#.#.###.©.###.#.#.#≈≈.
#.≈≈#...###.#####©###...#≈≈.
#.≈≈###.......W.......###≈≈.
#.≈≈.8#.######g######.#8.≈≈.
#.≈≈.##.#.⌠@#†.8#ggg#.##.≈≈.
#.≈≈.#..'...g.©⌠#:..'..#.≈≈.
#.≈≈.##.#.⌠.#..8#...#.##.≈≈.
#.≈≈.8#.######'######g#8.≈≈.
#.≈≈###...........g.g.###≈≈.
######.≈≈#...###.#####(###...#≈≈.
....##.≈≈#.#.#.###.©.###.#.#.#≈≈.
....##.≈≈#####...........#####≈≈.
.......≈≈≈≈≈≈≈≈≈≈≈≈≈≈≈≈≈≈≈≈≈≈≈≈≈.


You could see a gnoll sergeant.

Vanquished Creatures
  A centaur (D:3)
  An ogre (D:4)
  An orc wizard (D:4)
  4 gnolls
  9 adders
  3 oozes
  5 worms
  2 leopard geckos
  14 orcs
  4 giant cockroaches
  13 hobgoblins
  4 jackals (D:1)
  7 kobolds
  A quokka (D:2)
  3 ball pythons
  9 bats
  8 frilled lizards
  9 goblins
  A jackal skeleton (D:4)
  4 rats
103 creatures vanquished.

Vanquished Creatures (others)
  6 plants (D:4)
6 creatures vanquished.

Grand Total: 109 creatures vanquished

Notes
Turn   | Place    | Note
-------+----------+-------------------------------------------
     0 | D:1      | Notrik the Hill Orc Fighter began the quest for the Orb.
     0 | D:1      | Reached XP level 1. HP: 19/19 MP: 1/1
   167 | D:1      | Reached XP level 2. HP: 27/27 MP: 2/2
   188 | D:1      | Reached skill level 4 in Fighting
   611 | D:1      | Reached XP level 3. HP: 33/33 MP: 3/3
  1392 | D:2      | Reached XP level 4. HP: 41/41 MP: 4/4
  1397 | D:2      | Found a hide-covered altar of Uskayaw.
  1932 | D:3      | Noticed a centaur
  1948 | D:3      | Killed a centaur
  1948 | D:3      | Reached skill level 5 in Fighting
  1948 | D:3      | Reached XP level 5. HP: 35/48 MP: 5/5
  2485 | D:3      | Reached XP level 6. HP: 53/56 MP: 6/6
  2503 | D:3      | Found a runed translucent gate.
  2503 | D:3      | Found a runed translucent gate.
  2503 | D:3      | Found a runed translucent gate.
  2506 | D:3      | Noticed triki's ghost (amateur GnEn)
  3370 | D:4      | Reached skill level 6 in Fighting
  3572 | D:4      | Found a transporter.
  3572 | D:4      | Found a transporter.
  3674 | D:4      | Found a shimmering altar of Xom.
  3674 | D:4      | Found a glowing silver altar of Zin.
  3675 | D:4      | Found an ornate altar of the Wu Jian Council.
  3817 | D:4      | Identified the +0 ring mail of the New World {rF+ rC+
                  | Regen+ Dex-4}
  3911 | D:4      | Reached XP level 7. HP: 62/64 MP: 7/7
  4295 | D:4      | Noticed 2tc's ghost (amateur DsVM)
  4311 | D:4      | Gained mutation: Your magical capacity is low. (-10% MP)
                  | [potion of mutation]
  4311 | D:4      | Gained mutation: You are clumsy. (Dex -2) [potion of
                  | mutation]
  4311 | D:4      | Gained mutation: You have sharp fingernails. [potion of
                  | mutation]
  4311 | D:4      | Lost mutation: You are clumsy. (Dex -2) [potion of
                  | mutation]
  4312 | D:4      | Mangled by a gnoll sergeant

Illustrated notes

Levels and vault maps discovered:
D:1:      minmay_arrival_stair_chambers, layout_basic
D:2:      layout_basic, old_standard_altar, dk_noncrumbling_3
D:3:      layout_loops_ring, ebering_ghost_rock_garden
D:4:      layout_basic, grunt_temple_overflow_open,
          gammafunk_ghost_gnarly_gnolls

Skill      XL: |  1  2  3  4  5  6 |
---------------+-------------------+-----
Axes           | 3 4 |  4.9
Fighting       | 4 5 6 |  6.4
Armour         | 4 |  4.8
Shields        | 4 |  4.7

Action                   |  1- 3 |  4- 6 |  7- 9 || total
-------------------------+-------+-------+-------++-------
Melee: War axe           |   154 |   168 |    17 ||   339
  Use: Potion            |       |       |     3 ||     3
Armor: Scale mail        |    83 |    68 |     7 ||   158
Dodge: Dodged            |    46 |    57 |     2 ||   105
Block: Kite shield       |    76 |    96 |     7 ||   179

Table legend: (Time is in decaauts)
 A = Elapsed time spent in this place.
 B = Non-inter-level travel time spent in this place.
 C = Inter-level travel time spent in this place.
 D = Time resting spent in this place.
 E = Time spent auto-exploring this place.
 F = Levels seen in this place.
 G = Mean time per level.
                   A        B        C        D        E       F      G
               +--------+--------+--------+--------+--------+-----+--------+
         Total |   4445 |   4312 |    133 |    492 |   3067 |   4 | 1111.2 |
       Dungeon |   4445 |   4312 |    133 |    492 |   3067 |   4 | 1111.2 |
               +--------+--------+--------+--------+--------+-----+--------+

Top non-repeatable levels by time:
     D:3: 1481 daAuts
     D:1: 1089 daAuts
     D:4: 1014 daAuts
     D:2: 860 daAuts
